 Dungeon Crawl Stone Soup version 0.26.0-20-g3ca415f5b8 (webtiles) character file.

Game seed: 10441248392465929863

9 Strat the Sneak (level 2, -1/14 HPs)
             Began as a Vine Stalker Enchanter on Jan 24, 2021.
             Slain by a leopard gecko (3 damage)
             ... on level 2 of the Dungeon.
             The game lasted 00:01:34 (674 turns).

Strat the Sneak (Vine Stalker Enchanter)             Turns: 674, Time: 00:01:34

Health: -1/14      AC:  2    Str: 10    XL:     2   Next: 12%
Magic:  0/6        EV: 12    Int: 15    God:
Gold:   53         SH:  0    Dex: 14    Spells: 2/5 levels left

rFire    . . .     SeeInvis .   a - +1 dagger
rCold    . . .     Faith    .   (no shield)
rNeg     . . .     Spirit   +   b - +0 robe
rPois    .         Reflect  .   (no helmet)
rElec    .         Harm     .   (no cloak)
rCorr    .         Rampage  .   (no gloves)
Will     .....                  (no boots)
Stlth    ++........             (no amulet)
HPRegen  0.04/turn              (no ring)
MPRegen  0.10/turn              (no ring)

@: very slightly contaminated
A: fangs 2, magic shield, antimagic bite, no potion heal 3
a: no special abilities


You were on level 2 of the Dungeon.
You visited 1 branch of the dungeon, and saw 2 of its levels.

You collected 53 gold pieces.

Inventory:

Hand Weapons
 a - a +1 dagger (weapon)
Missiles
 h - 2 poisoned darts
Armour
 b - a +0 robe (worn)
Scrolls
 d - a scroll of fear {unknown}
 e - a scroll of teleportation {unknown}
Potions
 c - a potion of might {unknown}
 f - a potion of mutation {unknown}
 g - 2 potions of cancellation {unknown}


   Skills:
 + Level 1.0 Fighting
 + Level 1.4 Short Blades
 - Level 1.5 Dodging
 - Level 3.6 Stealth
 - Level 2.1 Spellcasting
 - Level 3.0 Hexes


You had 2 spell levels left.
You knew the following spells:

 Your Spells              Type           Power        Failure   Level
a - Corona                Hex            11%          6%          1
b - Ensorcelled Hibernat  Hex/Ice        12%          19%         2

Your spell library contained the following spells:

 Spells                   Type           Power        Failure   Level
 Confusing Touch          Hex            10%          19%         3
 Tukima's Dance           Hex            10%          19%         3
 Dazzling Flash           Conj/Hex       12%          34%         3


Dungeon Overview and Level Annotations

Branches:
Dungeon (2/15)

Altars:


Innate Abilities, Weirdness & Mutations

You have extremely sharp teeth.
When hurt, damage is shared between your health and your magic reserves.
Your bite disrupts and absorbs the magic of your enemies.
Potions cannot restore your health.


Message History

You climb downwards.
There is a stone staircase leading up here.
Casting: Ensorcelled Hibernation (safe; 19% risk of failure)
Confirm with . or Enter, or press ? or * to list all spells.
Aiming: Ensorcelled Hibernation (safe; 19% risk of failure)
Press: ? - help, Shift-Dir - straight line, f - leopard gecko
Aim: a leopard gecko (chance to affect: 55%)
You miscast Ensorcelled Hibernation.
You are very lightly contaminated with residual magic.
Nothing appears to happen.
The leopard gecko bites you.
* * * LOW HITPOINT WARNING * * *
Casting: Ensorcelled Hibernation (safe; 19% risk of failure)
Confirm with . or Enter, or press ? or * to list all spells.
You don't have enough magic to cast that spell.
Unknown command.
You miss the leopard gecko. The leopard gecko misses you.
You hit the leopard gecko. Your bite misses the leopard gecko.
The leopard gecko is almost dead.
The leopard gecko bites you.
You die...

### #...#####
#...l@..#
#...###......
##. ....# #
.### #


You could see a leopard gecko.

Vanquished Creatures
  A leopard gecko (D:1)
  A bat (D:1)
  2 hobgoblins (D:1)
  A kobold (D:1)
  A frilled lizard (D:1)
  A rat (D:1)
7 creatures vanquished.

Notes
Turn   | Place    | Note
-------+----------+-------------------------------------------
     0 | D:1      | Strat the Vine Stalker Enchanter began the quest for the
                  | Orb.
     0 | D:1      | Reached XP level 1. HP: 9/9 MP: 4/4
    27 | D:1      | Reached skill level 1 in Short Blades
   356 | D:1      | Reached XP level 2. HP: 10/14 MP: 4/6
   453 | D:1      | Learned a level 2 spell: Ensorcelled Hibernation
   489 | D:1      | Reached skill level 1 in Fighting
   674 | D:2      | Slain by a leopard gecko

Illustrated notes

Levels and vault maps discovered:
D:1:      psy_arrival_dodecagon, layout_loops_ring,
          minmay_misc_feat_secret_circle
D:2:      layout_loops_corners, led_sif_pool, general_overflow_altar

Skill      XL: |  1  2 |
---------------+-------+-----
Short Blades   | 1 |  1.4
Fighting       | 1 |  1.0
Dodging        | |  1.5
Stealth        | |  3.6
Spellcasting   | |  2.1
Hexes          | |  3.0

Action                   || total
-------------------------++-------
Melee: Dagger            ||    30
       Bite              ||     8
 Cast: Ensorcelled Hiber ||     2
       Corona            ||     1
 Stab: Sleeping          ||     2
Armor: Robe              ||    10
Dodge: Dodged            ||    20
